AoeStats
← andenore

Black Forest

508500932Analyzed
4v4 RM · 11d ago on Sep 22, 2026· 47m 11s· 8 players
Game mode
Random Map
Map size
Large (8 player)
Population
200
Speed
Normal
Resources
Standard
Victory
Conquest
Starting age
Dark Age
Ending age
Imperial Age
RankedLock teamsTeams togetherTeam positionsShared explorationLock speedFull tech treeHidden civsTurbo modeCheats
Victory
Defeat
🇷🇺 Khitans · Russia
963
+16
🇳🇴 Khmer · Norway
943
+16
🇷🇸 Bohemians · Serbia
934
+17
🇬🇧 Goths · United Kingdom
882
+19
🇺🇸 Saxons · United States
1027
-20
🇵🇱 Burmese · Poland
995
-19
🇺🇸 Bohemians · United States
897
-15
🇳🇬 Gurjaras · Nigeria
888
-14
kapusta
4:51 Loom
11:00 Feudal Age
11:38 Double-Bit Axe
11:40 Domestication
12:53 Man-at-Arms
16:35 Forging
16:35 Arson
17:41 Scale Mail Armor
20:11 Gold Mining
25:28 Castle Age
23:24 Fletching
28:04 Iron Casting
28:17 Scale Barding Armor
31:37 Husbandry
32:01 Chain Barding Armor
32:51 Wheelbarrow
32:39 Bow Saw
32:45 Town Watch
35:48 Hand Cart
36:07 Ballistics
36:55 Bodkin Arrow
39:51 Imperial Age
38:03 Town Patrol
39:02 Fervor
39:43 Caravan
41:14 Plate Barding Armor
40:03 Capped Ram
41:08 Siege Engineers
41:25 Elite Steppe Lancer
41:28 Siege Ram
42:43 Bracer
42:06 Elite Skirmisher
43:04 Pastoralism
43:43 Guilds
43:26 Light Cavalry
44:23 Stone Mining
46:11 Padded Archer Armor
45:52 Hussar
andenore
13:24 Feudal Age
14:53 Double-Bit Axe
15:51 Forging
17:26 Wheelbarrow
22:11 Castle Age
20:32 Scale Barding Armor
21:12 Forging
22:16 Bloodlines
23:50 Husbandry
24:12 Chain Barding Armor
24:57 Loom
28:04 Bow Saw
29:38 Stone Mining
29:40 Gold Mining
30:16 Pikeman
30:20 Light Cavalry
31:50 Stone Shaft Mining
31:01 Horse Collar
31:48 Heavy Plow
34:32 Hand Cart
34:31 Town Watch
35:40 Iron Casting
36:41 Gold Shaft Mining
36:12 Tusk Swords
37:33 Crossbowman
38:32 Scale Mail Armor
39:01 Sanctity
39:22 Town Patrol
40:27 Fletching
40:38 Padded Archer Armor
45:09 Imperial Age
43:01 Bodkin Arrow
45:40 Ballistics
45:17 Murder Holes
47:30 Blast Furnace
48:06 Plate Barding Armor
47:33 Bracer
48:02 Parthian Tactics
Cruizinblind
0:28 Loom
12:12 Feudal Age
14:51 Double-Bit Axe
18:05 Castle Age
15:54 Horse Collar
20:09 Bow Saw
23:50 Scale Mail Armor
24:28 Heavy Plow
25:47 Forging
25:49 Gold Mining
26:33 Fletching
27:40 Padded Archer Armor
29:01 Chain Mail Armor
29:46 Wheelbarrow
31:18 Iron Casting
33:21 Imperial Age
31:49 Hand Cart
31:31 Stone Mining
32:29 Bodkin Arrow
32:58 Ballistics
32:50 Squires
32:12 Pikeman
32:28 Man-at-Arms
33:41 Halberdier
34:07 Long Swordsman
34:23 Elite Huskarl
35:25 Conscription
36:30 Blast Furnace
36:02 Anarchy
36:10 Two-Handed Swordsman
37:16 Perfusion
38:38 Champion
45:07 Town Watch
45:05 Treadmill Crane
Tonik
1:29 Loom
12:40 Feudal Age
13:14 Double-Bit Axe
14:08 Wheelbarrow
17:33 Castle Age
16:46 Town Watch
17:49 Horse Collar
18:24 Bow Saw
25:16 Fletching
33:11 Imperial Age
35:20 Conscription
35:32 Wagenburg Tactics
36:10 Bodkin Arrow
36:15 Padded Archer Armor
37:06 Bracer
37:32 Ballistics
37:10 Murder Holes
39:33 Chemistry
39:34 Heavy Plow
40:37 Two-Man Saw
40:10 Leather Archer Armor
41:29 Siege Engineers
41:48 Masonry
42:35 Ring Archer Armor
42:27 Elite Hussite Wagon
44:35 Houfnice
2Rock
12:34 Feudal Age
14:19 Double-Bit Axe
14:15 Horse Collar
14:29 Gold Mining
14:30 Stone Mining
16:46 Castle Age
16:37 Loom
17:28 Wheelbarrow
18:06 Bow Saw
22:01 Heavy Plow
23:32 Squires
24:25 Scale Mail Armor
26:11 Gambesons
26:12 Arson
27:17 Wheelbarrow
26:42 Town Watch
27:42 Gold Shaft Mining
28:01 Forging
28:07 Chain Mail Armor
28:49 Pikeman
30:07 Hand Cart
30:18 Sanctity
31:41 Town Patrol
37:55 Imperial Age
36:03 Iron Casting
35:18 Fletching
35:31 Padded Archer Armor
35:50 Man-at-Arms
37:05 Long Swordsman
37:59 Elite Hearth Troop
39:00 Conscription
38:05 Shield Wall
38:08 Clerical Recruitment
38:14 Elite Varangian Guard
38:16 Halberdier
40:45 Plate Mail Armor
40:11 Bodkin Arrow
40:31 Leather Archer Armor
40:23 Two-Handed Swordsman
40:52 Heavy Scorpion
41:39 Two-Handed Swordsman
41:58 Shield Wall
42:00 Clerical Recruitment
42:07 Shield Wall
42:08 Clerical Recruitment
42:19 Clerical Recruitment
45:09 Champion
45:17 Heavy Scorpion
47:14 Bracer
47:45 Ring Archer Armor
Helenka
1:04 Loom
Mrithnaw
1:12 Loom
13:23 Feudal Age
14:15 Double-Bit Axe
14:14 Horse Collar
21:40 Castle Age
22:21 Pikeman
24:48 Bow Saw
24:41 Heavy Plow
29:45 Husbandry
Fennec fox
0:27 Loom
14:38 Feudal Age
17:47 Man-at-Arms
27:11 Scale Mail Armor
Connection lost

Rejoining the realm…

Still unreachable

The connection could not be restored.

Session expired

The server has moved on; the page needs a fresh start.